 Dungeon Crawl Stone Soup version 0.27.0-1-g7a089689b8 (webtiles) character file.

Game seed: 1118630918438814570

67 trckry the Grasshopper (level 4, -2/44 HPs)
             Began as an Ogre Warper on Aug 14, 2021.
             Was a Follower of Qazlal.
             Killed from afar by Ijyb (16 damage)
             ... with a bolt of acid
             ... on level 3 of the Dungeon.
             The game lasted 00:04:23 (2508 turns).

trckry the Grasshopper (Ogre Warper)                Turns: 2508, Time: 00:04:24

Health: -2/44      AC:  0    Str: 15    XL:     4   Next: 18%
Magic:  7/7        EV:  9    Int: 15    God:    Qazlal [*.....]
Gold:   72         SH:  2    Dex:  8    Spells: 2/7 levels left

rFire    . . .     SeeInvis .   a - +1 whip (venom)
rCold    . . .     Faith    .   (no shield)
rNeg     . . .     Spirit   .   b - +0 robe
rPois    .         Reflect  .   (helmet restricted)
rElec    .         Harm     .   j - +0 cloak
rCorr    .         Rampage  .   (gloves unavailable)
Will     .....                  (boots unavailable)
Stlth    +.........             e - amulet of magic regeneration
HPRegen  0.14/turn              (no ring)
MPRegen  0.35/turn              (no ring)

@: corroded
A: large, unfitting armour, tough skin 1
a: Renounce Religion


You were on level 3 of the Dungeon.
You worshipped Qazlal.
Qazlal was aware of your devotion.
You visited 1 branch of the dungeon, and saw 3 of its levels.

You collected 72 gold pieces.

Inventory:

Hand Weapons
 a - a +1 whip of venom (weapon)
Missiles
 d - 5 boomerangs of dispersal (quivered)
Armour
 b - a +0 robe (worn)
 j - a +0 cloak (worn)
Jewellery
 e - an amulet of magic regeneration (around neck)
Scrolls
 c - a scroll of blinking
 g - a scroll of amnesia {unknown}
 h - a scroll of torment {unknown}
 k - a scroll of teleportation {unknown}
 m - a scroll of identify {unknown}
Potions
 f - a potion of brilliance {unknown}
 i - a potion of attraction {unknown}
 l - a potion of might {unknown}
 n - a potion of lignification {unknown}
 o - a potion of flight {unknown}


   Skills:
 - Level 2.6 Fighting
 * Level 3.0 Maces & Flails
 - Level 1.0 Throwing
 - Level 2.1 Dodging
 - Level 2.4 Spellcasting
 * Level 3.6 Translocations
 + Level 0.0 Invocations


You had 2 spell levels left.
You knew the following spells:

 Your Spells              Type           Power      Damage    Failure   Level
a - Blink                 Tloc           N/A        N/A       7%          2
b - Gell's Gravitas       Tloc           6%         N/A       14%         3

Your spell library contained the following spells:

 Spells                   Type           Power      Damage    Failure   Level
 Corona                   Hex            1%         N/A       22%         1
 Ensorcelled Hibernation  Hex/Ice        2%         N/A       32%         2
 Sublimation of Blood     Necr           0%         N/A       32%         2
 Wereblood                Tmut           1%         N/A       32%         2
 Lesser Beckoning         Tloc           6%         N/A       14%         3
 Teleport Other           Tloc           12%        N/A       14%         3
 Tukima's Dance           Hex            1%         N/A       54%         3
 Manifold Assault         Tloc           12%        N/A       78%         5
 Summon Hydra             Summ           0%         N/A       100%        7


Dungeon Overview and Level Annotations

Branches:
Dungeon (3/15)

Altars:
Qazlal

Annotations:
D:3 Ijyb


Innate Abilities, Weirdness & Mutations

You are too large for most types of armour.
You have tough skin. (AC +1)


Message History

You add the spells Sublimation of Blood, Wereblood and Summon Hydra to your library.
HP restored.
You see here a +0 hunting sling.
Things that are here:
a giant cockroach corpse; a frilled lizard corpse
Things that are here:
a +0 whip; 2 stones; a kobold corpse
Items here: ( )) ††.
m - a scroll labelled DYCKES FEAGIL Health restored: 44 You open the door.
There is an open door here.
Found a stone staircase leading down.
Found a quarterstaff.
Found a sedimented green potion.
A rat comes into view.
Found a sedimented coppery potion.
You barely miss the rat. The rat bites you but does no damage.
You closely miss the rat. The rat barely misses you.
You barely miss the rat. The rat bites you but does no damage.
You closely miss the rat.
The rat is engulfed in blazing flames.
You kill the rat!
Qazlal accepts your kill.
No target in view!
n - a sedimented green potion
o - a sedimented coppery potion Ijyb the Twisted Goblin comes into view.
She is wielding a +0 club and carrying a wand of acid (10).
Ijyb shouts!
Ijyb hits you with a +0 club.
You take 1 damage, and have 43/44 hp.
You hit Ijyb but do no damage.
Ijyb is poisoned.
Ijyb barely misses you.
Health restored: 44 You hit Ijyb.
Ijyb is lightly wounded.
Ijyb zaps a wand.
The bolt of acid hits you!! The acid corrodes you!
You are splashed with acid!
You take 30 damage, and have 14/44 hp.
MASSIVE DAMAGE!!
Ijyb zaps a wand.
The bolt of acid misses you.
Ijyb zaps a wand.
The bolt of acid hits you!
You die...

#.# #.# #.. #.# #.# #.. #..
########.# #.. #.@......#
###
####.####.#################
.......g...................
###########################
#


You could see Ijyb (very poisoned).

Vanquished Creatures
  2 adders (D:2)
  4 ball pythons
  12 bats
  5 endoplasms
  3 giant cockroaches
  2 goblins
  5 hobgoblins
  4 jackals (D:2)
  A quokka (D:1)
  A frilled lizard (D:3)
  4 kobolds
  2 rats
45 creatures vanquished.

Notes
Turn   | Place    | Note
-------+----------+-------------------------------------------
     0 | D:1      | trckry the Ogre Warper began the quest for the Orb.
     0 | D:1      | Reached XP level 1. HP: 22/22 MP: 3/3
   189 | D:1      | Reached XP level 2. HP: 27/29 MP: 5/5
  1062 | D:1      | Reached XP level 3. HP: 36/36 MP: 6/6
  1195 | D:2      | Learned a level 2 spell: Blink
  1199 | D:2      | Learned a level 3 spell: Gell's Gravitas
  1291 | D:2      | Found a faded altar of an unknown god.
  1360 | D:2      | Became a worshipper of Qazlal Stormbringer
  1360 | D:2      | Reached * piety under Qazlal
  2063 | D:2      | Reached XP level 4. HP: 27/44 MP: 7/7
  2500 | D:3      | Noticed Ijyb
  2508 | D:3      | Killed from afar by Ijyb

Illustrated notes

Levels and vault maps discovered:
D:1:      dpeg_arrival_arbitrary_b, layout_basic, hangedman_decor_riveting,
          minmay_misc_feat_pillars
D:2:      layout_basic, shapermc_ecumenical_altar_starsandcircs
D:3:      layout_loops_ring, nicolae_ru_great_annihilating_truth,
          bloody_makhleb, wad_orctagon, uniq_ijyb

Skill      XL: |  1  2  3 |
---------------+----------+-----
Maces & Flails | 2 3 |  3.0
Translocations | 3 |  3.6
Fighting       | |  2.6
Throwing       | |  1.0
Dodging        | |  2.1
Spellcasting   | |  2.4

Action                   |  1- 3 |  4- 6 || total
-------------------------+-------+-------++-------
Melee: Whip              |   127 |    26 ||   153
Armor: Robe              |    65 |    11 ||    76
Dodge: Dodged            |    79 |    11 ||    90
Block: Other             |     5 |     2 ||     7
